 Dungeon Crawl Stone Soup version 0.29-a0-542-g075992c915 (webtiles) character file.

Game seed: 9147683688004926042

56 KateP the Cudgeller (level 3, -1/37 HPs)
             Began as an Ogre Gladiator on June 3, 2022.
             Slain by Terence
             ... wielding a +2 short sword of speed
              (8 damage)
             ... on level 3 of the Dungeon.
             The game lasted 00:03:25 (2848 turns).

KateP the Cudgeller (Ogre Gladiator)                Turns: 2848, Time: 00:03:26

Health: -1/37      AC:  3    Str: 18    XL:     3   Next: 95%
Magic:  3/3        EV: 10    Int: 15    God:
Gold:   140        SH:  0    Dex: 12    Spells: 2/2 levels left

rFire   . . .      SeeInvis .   a - +0 flail
rCold   + . .      Faith    .   (no shield)
rNeg    . . .      Spirit   .   b - +0 robe
rPois   .          Reflect  .   c - +0 hat
rElec   .          Harm     .   (no cloak)
rCorr   .          Rampage  .   (gloves unavailable)
Will    .....                   (boots unavailable)
Stlth   +.........              (no amulet)
HPRegen 0.12/turn               k - +6 ring of intelligence
MPRegen 0.08/turn               h - ring of protection from cold

@: no status effects
A: large, unfitting armour, tough skin 1
a: no special abilities


You were on level 3 of the Dungeon.
You visited 1 branch of the dungeon, and saw 3 of its levels.

You collected 140 gold pieces.

Inventory:

Hand Weapons
 a - a +0 flail (weapon)
Missiles
 d - 3 throwing nets (quivered)
 e - a large rock
Armour
 b - a +0 robe (worn)
 c - a +0 hat (worn)
Magical Staves
 m - a staff of fire
Jewellery
 h - a ring of protection from cold (right hand)
 k - a +6 ring of intelligence (left hand)
 n - an amulet of the acrobat
Wands
 p - a wand of acid (10)
Scrolls
 f - a scroll of fear {unknown}
 i - a scroll of teleportation {unknown}
 j - a scroll of immolation {unknown}
 l - a scroll of identify {unknown}
 q - a scroll of summoning {unknown}
Potions
 g - a potion of curing {unknown}
 o - a potion of flight {unknown}


   Skills:
 + Level 3.5 Fighting
 * Level 3.5 Maces & Flails
 - Level 2.0 Throwing
 * Level 3.2 Dodging


You had 2 spell levels left.
You didn't know any spells.
Your spell library was empty.

Dungeon Overview and Level Annotations

Branches:
Dungeon (3/15)

Altars:

Annotations:
D:3 Terence


Innate Abilities, Weirdness & Mutations

You are too large for most types of armour.
You have tough skin. (AC +1)


Message History

You sock the worm!
The worm is severely wounded.
The worm bites you.
A worm is nearby!
You hit the worm. Your punch misses the worm.
The worm is almost dead.
The worm closely misses you.
A worm is nearby!
You sock the worm!
You kill the worm!
You see here a worm corpse.
You now have 140 gold pieces (gained 10).
Terence the Incautious comes into view.
He is wielding a +2 short sword of speed.
Terence shouts!
Terence says, "Time to say good-bye..."
Terence is nearby!
Terence is nearby!
Terence hits you with a +2 short sword of speed!
Terence closely misses you.
Terence is nearby!
You hit Terence but do no damage.
Terence hits you with a +2 short sword of speed. x2
Terence is nearby!
You hit Terence but do no damage.
Terence hits you with a +2 short sword of speed!
Terence hits you with a +2 short sword of speed.
* * * LOW HITPOINT WARNING * * *
You are too injured to fight recklessly!
You are too injured to fight recklessly!
You are too injured to fight recklessly!
You closely miss Terence. Terence looks scornfully at you.
Terence hits you with a +2 short sword of speed.
* * * LOW HITPOINT WARNING * * *
Terence hits you with a +2 short sword of speed.
* * * LOW HITPOINT WARNING * * *
You thump Terence!
Terence is moderately wounded.
Terence hits you with a +2 short sword of speed!
You die...

### ... #.# ####.# ..#.#
#.#@# #.#@# # ### #...#
. #.##### #...#.#
#.....# #...#.## #####.#
##.....### #. #.#
#.......# #.# #.#
#.#...#.# #.#
####.#########.##.##.###
##.#
#.....†........##......#
..#


You could see Terence.

Vanquished Creatures
  A worm (D:3)
  2 dart slugs
  2 orcs (D:3)
  3 bats
  2 endoplasms (D:1)
  2 giant cockroaches (D:1)
  4 goblins
  10 hobgoblins
  2 quokkas (D:2)
  A frilled lizard (D:2)
  6 kobolds
  7 rats
42 creatures vanquished.

Notes
Turn   | Place    | Note
-------+----------+-------------------------------------------
     0 | D:1      | KateP the Ogre Gladiator began the quest for the Orb.
     0 | D:1      | Reached XP level 1. HP: 22/22 MP: 1/1
   397 | D:1      | Reached XP level 2. HP: 30/31 MP: 2/2
  1634 | D:2      | Reached XP level 3. HP: 37/37 MP: 3/3
  2325 | D:3      | HP: 2/55 [poisoned by a kobold]
  2841 | D:3      | Noticed Terence
  2848 | D:3      | Slain by Terence

Illustrated notes

Levels and vault maps discovered:
D:1:      giann_wishing_wells, layout_basic, supply_closet_lemuel
D:2:      cheibrodos_greedy_goblins, layout_basic,
          hellmonk_ecumenical_altar_slurped_away
D:3:      layout_loops_ring, uniq_crazy_yiuf_cottage, uniq_terence

Skill      XL: |  1  2 |
---------------+-------+-----
Fighting       | 3 |  3.5
Maces & Flails | 3 |  3.5
Dodging        | 3 |  3.2
Throwing       | |  2.0

Action                   || total
-------------------------++-------
Melee: Flail             ||   103
       Punch             ||     1
  Use: Potion            ||     1
 Stab: Sleeping          ||     1
Armor: Robe              ||    28
       Skin              ||     3
Dodge: Dodged            ||    63

Table legend: (Time is in decaauts)
 A = Elapsed time spent in this place.
 B = Non-inter-level travel time spent in this place.
 C = Inter-level travel time spent in this place.
 D = Time resting spent in this place.
 E = Time spent auto-exploring this place.
 F = Levels seen in this place.
 G = Mean time per level.
                   A        B        C        D        E       F      G
               +--------+--------+--------+--------+--------+-----+--------+
         Total |   2872 |   2872 |      0 |    443 |   2038 |   3 |  957.3 |
       Dungeon |   2872 |   2872 |      0 |    443 |   2038 |   3 |  957.3 |
               +--------+--------+--------+--------+--------+-----+--------+

Top non-repeatable levels by time:
     D:1: 1449 daAuts
     D:2: 878 daAuts
     D:3: 544 daAuts
